 Dungeon Crawl Stone Soup version 0.29-a0-275-g389c0b56f3 (webtiles) character file.

Game seed: 8308034818108933516

5954 drugrobin the Cleaver (level 10, -9/81 HPs)
             Began as a Demigod Fighter on Mar 9, 2022.
             Mangled by a death yak (19 damage)
             ... on level 6 of the Dungeon.
             The game lasted 00:23:29 (11534 turns).

drugrobin the Cleaver (Demigod Fighter)            Turns: 11534, Time: 00:23:30

Health: -9/81      AC: 18    Str: 29    XL:     10   Next: 29%
Magic:  13/13      EV:  8    Int: 10    God:
Gold:   65         SH:  5    Dex: 19    Spells: 9/9 levels left

rFire   + + .      SeeInvis +   a - +7 broad axe (flame)
rCold   . . .      Faith    .   u - +0 buckler
rNeg    . . .      Spirit   .   i - +1 chain mail {rPois}
rPois   +          Reflect  .   x - +0 helmet
rElec   .          Harm     .   s - +0 cloak
rCorr   .          Rampage  .   g - +0 pair of gloves
Will    .....                   C - +0 pair of boots
Stlth   ..........              c - amulet of the acrobat
HPRegen 0.23/turn               j - ring of Ehiclytu {rF++ Dex+6 SInv Stlth+}
MPRegen 0.13/turn               p - +4 ring of protection

@: weak-willed
A: high MP 1, forlorn, divine attributes
a: no special abilities


You were on level 6 of the Dungeon.
You visited 1 branch of the dungeon, and saw 8 of its levels.
You also visited: Sewer.

You collected 532 gold pieces.
You spent 467 gold pieces at shops.

Inventory:

Hand Weapons
 a - a +7 broad axe of flaming (weapon)
 b - a +1 vorpal hunting sling
Missiles
 e - 4 javelins
 n - 10 poisoned darts
 y - a curare-tipped dart
 B - 3 silver boomerangs (quivered)
Armour
 g - a +0 pair of gloves (worn)
 i - a +1 chain mail of poison resistance (worn)
 s - a +0 cloak (worn)
 u - a +0 buckler (worn)
 x - a +0 helmet (worn)
 C - a +0 pair of boots (worn)
Jewellery
 c - an amulet of the acrobat (around neck)
 f - a ring of resist corrosion
 j - the ring of Ehiclytu (left hand) {rF++ Dex+6 SInv Stlth+}
   (You bought it in a shop on level 7 of the Dungeon)

   [ring of dexterity]

   Dex:       It affects your dexterity (+6).
   rF:        It greatly protects you from fire.
   SInv:      It lets you see invisible.
   Stlth:     It makes you more stealthy.
 p - a +4 ring of protection (right hand)
 r - a ring of positive energy
 J - a ring of willpower
Wands
 d - a wand of flame (6)
 D - a wand of digging (8)
 K - a wand of paralysis (6)
Scrolls
 k - 2 scrolls of magic mapping
 l - 4 scrolls of teleportation
 t - 2 scrolls of fog
 z - 2 scrolls of immolation
 E - a scroll of enchant armour {unknown}
 G - 2 scrolls of blinking {unknown}
 H - a scroll of silence
Potions
 h - 2 potions of heal wounds
 m - 5 potions of curing
 o - 4 potions of lignification
 q - a potion of mutation
 v - 2 potions of resistance
 w - a potion of haste
 F - 2 potions of flight
 I - a potion of cancellation


   Skills:
 + Level 5.5 Fighting
 * Level 13.8 Axes
 - Level 2.6 Armour
 - Level 2.6 Shields


You had 9 spell levels left.
You didn't know any spells.
Your spell library contained the following spells:

 Spells                   Type           Power      Damage    Failure   Level
 Ensorcelled Hibernation  Hex/Ice        0%         N/A       99%         2
 Passwall                 Tmut/Erth      0%         N/A       99%         2
 Swiftness                Air            0%         N/A       100%        3
 Tukima's Dance           Hex            0%         N/A       100%        3
 Anguish                  Hex/Necr       0%         N/A       100%        4
 Enfeeble                 Hex            0%         N/A       100%        7


Dungeon Overview and Level Annotations

Branches:
Dungeon (8/15)             Temple (0/1) D:5            Lair (0/6) D:8
  Sewer (visited)

Shops:
D:3 ?   D:5 (   D:7 (?[*   D:8 *


Innate Abilities, Weirdness & Mutations

You have an increased reservoir of magic. (+10% MP)
You shall have no god before yourself.
Your divine heritage dramatically boosts your attributes as you level up.


Message History

There is a stone staircase leading up here.
The death yak completely misses you.
You climb upwards.
There is a stone staircase leading down here.
Aiming: Paralyse
Press: ? - help, Shift-Dir - straight line, f - death yak
Aim: a death yak (chance to affect: 1%)
Okay, then.
Unknown command.
Really read the scroll of vulnerability?
As you read the scroll of vulnerability, it crumbles to dust.
Magic quickly surges around you. You block the death yak's attack.
Aiming: Paralyse
Press: ? - help, Shift-Dir - straight line, f - death yak
Aim: a death yak (weak-willed, chance to affect: 23%)
The death yak resists with almost no effort.
The death yak gores you!!
Aiming: Paralyse
Press: ? - help, Shift-Dir - straight line, f/p - death yak
Aim: a death yak (weak-willed, chance to affect: 23%)
The death yak resists with almost no effort.
The death yak gores you but does no damage.
Aiming: Paralyse
Press: ? - help, Shift-Dir - straight line, f/p - death yak
Aim: a death yak (weak-willed, chance to affect: 23%)
The death yak resists with almost no effort.
You block the death yak's attack.
Aiming: Paralyse
Press: ? - help, Shift-Dir - straight line, f/p - death yak
Aim: a death yak (weak-willed, chance to affect: 23%)
The death yak resists with almost no effort.
The death yak snorts and paws the ground.
The death yak gores you!
* * * LOW HITPOINT WARNING * * *
Aiming: Paralyse
Press: ? - help, Shift-Dir - straight line, f/p - death yak
Aim: a death yak (weak-willed, chance to affect: 23%)
The death yak resists with almost no effort.
The death yak gores you!!
You die...

######...####..............###...
##.## #.###....#####.# #.## #.#
#.# #....# #.# #.#
#.#####.###....# #.###.#
#..............# #.....#
##.#####.###....#####.#####
######..#####.###..........#
#.......................#########
#.#######..#####@Y......###......
#.#.[...#..# #####.............
#.#.....#..# ##############
#.'.._..#..# #.#.....#..#
..#.....#..# ..#######..#
...........# ...........#


You could see a death yak (weak-willed).

Vanquished Creatures
  3 death yaks
  Psyche (D:8)
  Sigmund (D:3)
  Eustachio (D:4)
  2 steam dragons
  A vampire mosquito (D:6)
  2 ice beasts
  2 orc warriors
  2 black bears
  3 ogres
  2 centaurs
  A phantom (D:5)
  4 kobold brigands (Sewer)
  A bullfrog (D:6)
  4 necrophages
  7 scorpions
  6 wights
  A killer bee (D:6)
  A jelly (D:4)
  4 hounds
  A gnoll shaman (D:8)
  5 orc priests
  5 iguanas
  3 orc wizards
  5 gnolls
  14 adders
  A river rat (Sewer)
  2 shadow imps (D:7)
  3 white imps
  2 ufetubi (D:4)
  7 worms
  2 dart slugs
  22 orcs
  7 ball pythons
  6 bats
  10 endoplasms
  8 giant cockroaches
  3 goblins
  6 hobgoblins
  8 quokkas
  2 frilled lizards
  8 kobolds
  4 rats
  2 butterflies (D:6)
185 creatures vanquished.

Notes
Turn   | Place    | Note
-------+----------+-------------------------------------------
     0 | D:1      | drugrobin the Demigod Fighter began the quest for the Orb.
     0 | D:1      | Reached XP level 1. HP: 18/18 MP: 3/3
    75 | D:1      | Reached skill level 2 in Axes
   394 | D:1      | Reached XP level 2. HP: 16/25 MP: 4/4
  1452 | D:2      | Reached skill level 3 in Axes
  1773 | D:2      | Reached XP level 3. HP: 30/30 MP: 5/5
  2448 | D:3      | Reached skill level 4 in Axes
  2504 | D:3      | Noticed Sigmund
  2695 | D:3      | Noticed a necrophage
  2702 | D:3      | Killed a necrophage
  2703 | D:3      | Reached XP level 4. HP: 30/37 MP: 6/6
  2905 | D:3      | Found Apayrch's Magic Scroll Emporium.
  2909 | D:3      | Bought a scroll of fear for 49 gold pieces
  2909 | D:3      | Bought a scroll of fog for 28 gold pieces
  2909 | D:3      | Bought a scroll of identify for 28 gold pieces
  2909 | D:3      | Bought a scroll of teleportation for 42 gold pieces
  2909 | D:3      | Bought a scroll of identify for 28 gold pieces
  3455 | D:4      | Reached skill level 5 in Axes
  3455 | D:4      | Reached XP level 5. HP: 42/42 MP: 7/7
  3762 | D:4      | Found a glowing drain.
  3779 | Sewer    | Entered a sewer
  3979 | Sewer    | Reached skill level 6 in Axes
  4012 | Sewer    | Reached XP level 6. HP: 29/50 MP: 8/8
  4474 | Sewer    | Reached skill level 7 in Axes
  4746 | D:4      | Reached XP level 7. HP: 44/56 MP: 9/9
  4843 | D:4      | Identified a scroll of acquirement
  4844 | D:4      | Acquired a +4 broad axe of flaming
  4878 | D:4      | Identified the +2 robe of the Teacher {Stlth+}
  5199 | D:4      | Reached skill level 8 in Axes
  5695 | D:4      | Noticed Eustachio
  5705 | D:5      | Entered Level 5 of the Dungeon
  5735 | D:5      | Noticed a steam dragon
  5743 | D:5      | Killed a steam dragon
  5958 | D:5      | Reached skill level 9 in Axes
  6195 | D:5      | Reached XP level 8. HP: 62/62 MP: 10/10
  6426 | D:5      | Found a staircase to the Ecumenical Temple.
  6603 | D:5      | Found Biseacri's Weapon Shoppe.
  6889 | D:4      | Killed Eustachio
  6890 | D:4      | Reached skill level 10 in Axes
  7015 | D:3      | Killed Sigmund
  7420 | D:6      | Reached skill level 11 in Axes
  7682 | D:6      | Found a runed translucent door.
  7684 | D:6      | Found a runed translucent door.
  8138 | D:6      | Reached XP level 9. HP: 67/68 MP: 11/11
  8412 | D:7      | Found Toeshru's Antique Armour Shop.
  8482 | D:7      | Reached skill level 12 in Axes
  8598 | D:7      | Found Biuj's Antique Weapon Boutique.
  8732 | D:7      | Found Hiufaegigy's Assorted Antiques.
  8740 | D:7      | Bought a dented steel amulet for 135 gold pieces
  8740 | D:7      | Bought a wavering iron ring for 135 gold pieces
  8740 | D:7      | Identified the ring of Ehiclytu {rF++ Dex+6 SInv Stlth+}
                  | (You bought it in a shop on level 7 of the Dungeon)
  9042 | D:7      | Found Imnet's Magic Scroll Boutique.
  9045 | D:7      | Bought a scroll of identify for 22 gold pieces
  9517 | D:8      | Noticed a death yak
  9544 | D:8      | Noticed a death yak
  9545 | D:8      | Noticed a death yak
  9552 | D:7      | Killed a death yak
  9907 | D:7      | Reached skill level 13 in Axes
 10092 | D:8      | Noticed a death yak
 10123 | D:7      | Killed a death yak
 10124 | D:7      | Reached XP level 10. HP: 17/80 MP: 13/13
 10414 | D:8      | Noticed a death yak
 10439 | D:8      | Killed a death yak
 10440 | D:8      | Reached skill level 5 in Fighting
 10714 | D:8      | Found a staircase to the Lair.
 10731 | D:8      | Noticed a death yak
 11235 | D:8      | Noticed Psyche
 11240 | D:8      | Killed Psyche
 11403 | D:8      | Found Gozag's Platinum Reserve.
 11534 | D:6      | Mangled by a death yak

Illustrated notes

Levels and vault maps discovered:
D:1:      psy_arrival_whirlpool, layout_basic, shapermc_ecumenical_altar_venn
D:2:      layout_loops_corners, minmay_tall_x
D:3:      layout_basic, serial_shops, shop, uniq_sigmund
D:4:      black_bear_nest_1, layout_gridville, trog_book, gup_sewer_entry_pipe,
          uniq_eustachio
D:5:      layout_gridville, minmay_temple_entry_butterflies, serial_shops, shop
D:6:      lemuel_insect_pit, layout_loops_ring, amcnicky_altar_gilded,
          minmay_fractal_squares_diagonal_5
D:7:      layout_cave_pools, minitemple, serial_shops, shop, kennysheep_mini,
          shop, nicolae_square_shop, minmay_misc_feat_diagonals,
          minmay_crystal_room, chequers_decorated_corner
D:8:      layout_basic, lemuel_doored_altar, nicolae_gozag_zags_fifth_avenue,
          mainiacjoe_overflow_swirl, dpeg_lair_monsters, uniq_psyche

Skill      XL: |  1  2  3  4  5  6  7  8  9 10 |
---------------+-------------------------------+-----
Axes           | 2 3 4 5 6 7 9 11 13 | 13.8
Fighting       | 4 5 |  5.5
Armour         | |  2.6
Shields        | |  2.6

Action                   |  1- 3 |  4- 6 |  7- 9 | 10-12 || total
-------------------------+-------+-------+-------+-------++-------
Melee: War axe           |   113 |   131 |     2 |       ||   246
       Hand axe          |       |    12 |       |       ||    12
       Broad axe         |       |       |   209 |    29 ||   238
 Fire: Hunting sling     |    10 |       |     6 |       ||    16
Throw: Dart              |       |       |    12 |     9 ||    21
       Boomerang         |       |       |     8 |       ||     8
Evoke: Wand              |       |       |     5 |     6 ||    11
  Use: Scroll            |       |     6 |    11 |     6 ||    23
       Potion            |       |     1 |       |       ||     1
Armor: Scale mail        |    57 |    92 |     2 |       ||   151
       Chain mail        |       |       |   102 |     9 ||   111
       Plate armour      |       |       |     5 |       ||     5
Dodge: Dodged            |    43 |    62 |    81 |    26 ||   212
Block: Buckler           |    26 |    31 |    33 |     7 ||    97

Table legend: (Time is in decaauts)
 A = Elapsed time spent in this place.
 B = Non-inter-level travel time spent in this place.
 C = Inter-level travel time spent in this place.
 D = Time resting spent in this place.
 E = Time spent auto-exploring this place.
 F = Levels seen in this place.
 G = Mean time per level.
                   A        B        C        D        E       F      G
               +--------+--------+--------+--------+--------+-----+--------+
         Total |  11741 |  11095 |    646 |   2962 |   5604 |   9 | 1304.6 |
       Dungeon |  10725 |  10079 |    646 |   2588 |   5181 |   8 | 1340.6 |
         Sewer |   1016 |   1016 |      0 |    374 |    423 |   1 | 1016.0 |
               +--------+--------+--------+--------+--------+-----+--------+

Top non-repeatable levels by time:
     D:7: 2035 daAuts
     D:4: 1511 daAuts
     D:2: 1375 daAuts
     D:6: 1368 daAuts
     D:1: 1297 daAuts
     D:5: 1226 daAuts
   Sewer: 1016 daAuts
     D:8: 1003 daAuts
     D:3: 907 daAuts
